 Dungeon Crawl Stone Soup version 0.27-a0-1513-g2aaa0cc67b (webtiles) character file.

Game seed: 9059219716881990126

30 dickylongcocking the Magician (level 3, -1/25 HPs)
             Began as a Djinni Fire Elementalist on July 9, 2021.
             Killed by an exploding hobgoblin (15 damage)
             ... ignited by their inner flame
             ... on level 2 of the Dungeon.
             The game lasted 00:01:21 (1765 turns).

dickylongcocking the Magician (DjFE)                Turns: 1765, Time: 00:01:22

Health: -1/25      AC:  2    Str:  7    XL:     3   Next: 35%
Gold:   34         EV: 12    Int: 17    God:
                   SH:  0    Dex: 13

rFire    + + .     SeeInvis .   c - staff of air
rCold    x . .     Faith    .   (no shield)
rNeg     . . .     Spirit   .   a - +0 robe
rPois    ∞         Reflect  .   (no helmet)
rElec    +         Harm     .   (no cloak)
rCorr    .         Rampage  .   (no gloves)
Will     .....                  (boots unavailable)
Stlth    ++........             (no amulet)
HPRegen  0.08/turn              (no ring)
MPRegen  0.00/turn              (no ring)

@: flying, very slightly contaminated
A: sickness immunity, fire resistance 2, cold vulnerability 1, float, innate
caster, hp casting, extra vitality 1
a: no special abilities


You were on level 2 of the Dungeon.
You visited 1 branch of the dungeon, and saw 2 of its levels.

You collected 34 gold pieces.

Inventory:

Armour
 a - a +0 robe (worn)
Magical Staves
 c - a staff of air (weapon)
Scrolls
 b - 2 scrolls of identify {unknown}
Potions
 d - a potion of lignification {unknown}
 e - a potion of degeneration {unknown}


   Skills:
 + Level 2.3 Dodging
 + Level 1.6 Stealth
 + Level 3.2 Spellcasting


You couldn't memorise any spells.
You knew the following spells:

 Your Spells              Type           Power      Damage    Failure   Level
a - Foxfire               Conj/Fire      52%        2x1d6     4%          1
b - Conjure Flame         Conj/Fire      13%        6-21      14%         3
c - Inner Flame           Hex/Fire       13%        N/A       14%         3
d - Sticky Flame          Conj/Fire      13%        2d4       41%         4
e - Fireball              Conj/Fire      6%         3d5       77%         5
f - Sting                 Tmut/Pois      52%        1d5       4%          1
Your spell library was empty.

Dungeon Overview and Level Annotations

Branches:
Dungeon (2/15)

Altars:
Trog


Innate Abilities, Weirdness & Mutations

You are immune to sickness and miasma.
You are immune to poison.
Your flesh is very heat resistant. (rF++)
You are vulnerable to cold. (rC-)
You float through the air rather than walking.
You learn spells naturally, not from books.
Your magical power is your life essence.
You have superior vitality. (+4 HP)


Message History

You feel enfeebled.
You feel yourself slow down.
A goblin comes into view. It is wielding a +0 club.
Unknown command.
Unknown command.
Casting: Inner Flame (quite dangerous; 14% risk of failure)
Confirm with . or Enter, or press ? or * to list all spells.
The spell is quite dangerous to cast (14% risk of failure)!
Continue anyway?
Aiming: Inner Flame (quite dangerous; 14% risk of failure)
Press: ? - help, Shift-Dir - straight line, f/p - goblin
Aim: a goblin, wielding a +0 dagger (chance to affect: 81%)
The hobgoblin is filled with an inner flame.
A hobgoblin comes into view.
Unknown command.
Unknown command.
Unknown command.
Unknown command.
You conjure some foxfire!
The foxfire hits the goblin.
The goblin is severely wounded.
Unknown command.
Unknown command.
The foxfire hits the goblin.
You kill the goblin!
Unknown command.
Unknown command.
You conjure some foxfire!
The hobgoblin barely misses you.
Unknown command.
Unknown command.
Your foxfire dissipates!
You feel yourself speed up.
The foxfire hits the hobgoblin.
The hobgoblin explodes!
The fiery explosion engulfs you! You resist.
Ouch! That really hurt!
You die...

.< ..#...##
.###......# #
..#.......
#.#.##.#......#
#..?...#.g.# .#
#..ggg#.##
#.#§g§...#
#.§§§§.>##
###@##### #.# #.#
#.#
#.###############
#...............#
######.########.#
........# #.##
##......# #.†.


You could see 5 goblins.

Vanquished Creatures
  2 dart slugs (D:1)
  3 ball pythons (D:1)
  5 bats
  An endoplasm (D:1)
  2 goblins
  4 hobgoblins
  2 kobolds (D:1)
  A quokka (D:1)
  3 frilled lizards
  2 rats (D:1)
25 creatures vanquished.

Vanquished Creatures (others)
  95 foxfires
95 creatures vanquished.

Grand Total: 120 creatures vanquished

Notes
Turn   | Place    | Note
-------+----------+-------------------------------------------
     0 | D:1      | dickylongcocking the Djinni Fire Elementalist began the
                  | quest for the Orb.
     0 | D:1      | Reached XP level 1. HP: 15/15 MP: 0/0
   263 | D:1      | Reached XP level 2. HP: 11/21 MP: 0/0
   937 | D:1      | Reached skill level 3 in Spellcasting
  1215 | D:1      | Reached XP level 3. HP: 22/25 MP: 0/0
  1215 | D:1      | Learned a level 1 spell: Sting
  1693 | D:2      | Found a bloodstained altar of Trog.
  1765 | D:2      | Killed by an exploding hobgoblin... ignited by their inner
                  | flame

Illustrated notes

Levels and vault maps discovered:
D:1:      roderic_octagonal_star, layout_basic
D:2:      layout_basic, serial_shops, nicolae_shop_crystal, basic_altar,
          dk_noncrumbling_2, uniq_jessica, uniq_robin

Skill      XL: |  1  2 |
---------------+-------+-----
Spellcasting   | 3 |  3.2
Dodging        | |  2.3
Stealth        | |  1.6

Action                   || total
-------------------------++-------
Melee: Staff             ||     4
 Cast: Foxfire           ||    69
       Inner Flame       ||     2
Armor: Robe              ||    13
Dodge: Dodged            ||    19

Table legend: (Time is in decaauts)
 A = Elapsed time spent in this place.
 B = Non-inter-level travel time spent in this place.
 C = Inter-level travel time spent in this place.
 D = Time resting spent in this place.
 E = Time spent auto-exploring this place.
 F = Levels seen in this place.
 G = Mean time per level.
                   A        B        C        D        E       F      G
               +--------+--------+--------+--------+--------+-----+--------+
         Total |   1767 |   1739 |     28 |      0 |   1575 |   2 |  883.5 |
       Dungeon |   1767 |   1739 |     28 |      0 |   1575 |   2 |  883.5 |
               +--------+--------+--------+--------+--------+-----+--------+

Top non-repeatable levels by time:
     D:1: 1641 daAuts
     D:2: 125 daAuts
